 Dungeon Crawl Stone Soup version 0.27.0-1-g7a089689b8 (webtiles) character file.

Game seed: 10611437366088639348

49 Crownlay the Chopper (level 3, -3/31 HPs)
             Began as a Hill Orc Fighter on Aug 16, 2021.
             Was a Follower of Dithmenos.
             Slain by a gnoll (6 damage)
             ... on level 2 of the Dungeon.
             The game lasted 00:02:58 (2411 turns).

Crownlay the Chopper (Hill Orc Fighter)             Turns: 2411, Time: 00:02:59

Health: -3/31      AC:  6    Str: 19    XL:     3   Next: 77%
Magic:  0/3        EV:  9    Int:  8    God:    Dithmenos [*.....]
Gold:   48         SH:  0    Dex: 10    Spells: 2/2 levels left

rFire    . . .     SeeInvis .   a - +0 war axe
rCold    + . .     Faith    .   (no shield)
rNeg     . . .     Spirit   +   b - +0 scale mail
rPois    .         Reflect  .   (no helmet)
rElec    .         Harm     .   (no cloak)
rCorr    .         Rampage  .   (no gloves)
Will     .....                  (no boots)
Stlth    ..........             e - amulet of guardian spirit
HPRegen  0.10/turn              h - ring of protection from cold
MPRegen  0.08/turn              (no ring)

@: wreathed by umbra
A: no striking features
a: Renounce Religion


You were on level 2 of the Dungeon.
You worshipped Dithmenos.
Dithmenos was aware of your devotion.
You visited 1 branch of the dungeon, and saw 3 of its levels.

You collected 48 gold pieces.

Inventory:

Hand Weapons
 a - a +0 war axe (weapon)
Armour
 b - a +0 scale mail (worn)
 c - a +0 kite shield
Jewellery
 e - an amulet of guardian spirit (around neck)
 h - a ring of protection from cold (left hand)
Scrolls
 f - a scroll of noise {unknown}
 g - 3 scrolls of identify {unknown}
Potions
 d - a potion of might


   Skills:
 - Level 3.6 Fighting
 + Level 5.3 Axes
 - Level 3.2 Armour
 - Level 3.2 Shields


You had 2 spell levels left.
You didn't know any spells.
Your spell library contained the following spells:

 Spells                   Type           Power      Damage    Failure   Level
 Corpse Rot               Necr/Air       N/A        N/A       88%         2
 Ensorcelled Hibernation  Hex/Ice        0%         N/A       88%         2
 Poisonous Vapours        Pois/Air       0%         N/A       88%         2
 Spider Form              Tmut/Pois      0%         N/A       98%         3
 Freezing Cloud           Conj/Ice/Air   0%         6-21      100%        5
 Shadow Creatures         Summ           N/A        N/A       100%        6


Dungeon Overview and Level Annotations

Branches:
Dungeon (3/15)

Altars:
Dithmenos


Message History

The orc hits you but does no damage. The orc hits you with a +0 short sword.
You slash the orc!
You kill the orc!
Dithmenos accepts your kill.
No target in view!
No target in view!
No target in view!
HP restored.
Things that are here:
a +0 short sword; a +0 leather armour; an orc corpse
There is a stone staircase leading down, spattered with blood here.
You climb downwards.
The gnoll closely misses you. The orc hits you but does no damage.
The gnoll hits you with a +0 club. The gnoll hits you with a +0 flail.
There is a stone staircase leading up, spattered with blood here.
The orc barely misses you. The gnoll hits you with a +0 club!
The gnoll completely misses you.
You climb upwards.
There is a stone staircase leading down, spattered with blood here.
You hit the gnoll.
The gnoll is moderately wounded.
You hit the orc.
Your scale mail prevents you from hitting the gnoll.
The orc barely misses you. The gnoll hits you with a +0 club.
The gnoll misses you. The orc hits you but does no damage.
You closely miss the gnoll.
The gnoll is moderately wounded.
You hit the orc. You hit the gnoll but do no damage.
The gnoll closely misses you. The gnoll hits you with a +0 flail!
* * * LOW HITPOINT WARNING * * *
The orc hits you but does no damage.
You closely miss the gnoll.
The gnoll is moderately wounded.
You hit the gnoll but do no damage.
Your scale mail prevents you from hitting the orc.
The gnoll hits you with a +0 club.
* * * LOW HITPOINT WARNING * * *
The gnoll barely misses you. The orc hits you but does no damage.
The gnoll hits you with a +0 club.
You die...

### ### ##
###.###########.#############.
#...............##............
###.###########.##.#########..
#.# #......# #...#.. #.#
#..##..# #.#.#.. #.#
#######..##..####.#.#..
#.####....##g.##..#....#.#..
#.........g@......#.####.#..
######....#[o.....#.#.<#.#..
#....#.......#.##.#.#..
#...>#...##..#....#.#..
#######....#.......######.#..
#.........##..####........#..
#.#######.##..#############..
#............................
#########..##....#...........


You could see 2 gnolls and an orc.

Vanquished Creatures
  A gnoll (D:2)
  4 dart slugs
  An orc (D:2)
  2 ball pythons (D:2)
  4 bats
  2 giant cockroaches (D:1)
  2 goblins
  2 hobgoblins (D:1)
  5 jackals
  A kobold (D:1)
  A quokka (D:1)
  3 rats
28 creatures vanquished.

Notes
Turn   | Place    | Note
-------+----------+-------------------------------------------
     0 | D:1      | Crownlay the Hill Orc Fighter began the quest for the Orb.
     0 | D:1      | Reached XP level 1. HP: 19/19 MP: 1/1
    49 | D:1      | Reached skill level 3 in Axes
   199 | D:1      | Found a faded altar of an unknown god.
   207 | D:1      | Became a worshipper of Dithmenos the Shadowed
   207 | D:1      | Reached * piety under Dithmenos
   257 | D:1      | Reached XP level 2. HP: 26/26 MP: 2/2
   337 | D:1      | Reached skill level 4 in Axes
   914 | D:2      | Reached XP level 3. HP: 31/31 MP: 3/3
  1915 | D:2      | Reached skill level 5 in Axes
  2411 | D:2      | Slain by a gnoll

Illustrated notes

Levels and vault maps discovered:
D:1:      roderic_dead_forest, layout_basic, basic_ecumenical_altar
D:2:      wander_river, layout_basic
D:3:      layout_rooms, mainiacjoe_overflow_cross_hatched,
          nicolae_overflow_crystal_walls, gammafunk_ghost_split,
          eino_tiny_chamber, uniq_jessica

Skill      XL: |  1  2  3 |
---------------+----------+-----
Axes           | 3 4 5 |  5.3
Fighting       | |  3.6
Armour         | |  3.2
Shields        | |  3.2

Action                   || total
-------------------------++-------
Melee: War axe           ||    92
Armor: Scale mail        ||    59
Dodge: Dodged            ||    88
